 Dungeon Crawl Stone Soup version 0.31.0-11-ge490571c62 (webtiles) character file.

Game seed: 8699617112943632589

8 browni3141 the Conjurer (level 2, 16/19 HPs)
             Began as a Demonspawn Conjurer on Jan 30, 2024.
             Got out of the dungeon alive.
             The game lasted 00:00:25 (300 turns).

browni3141 the Conjurer (Demonspawn Conjurer)        Turns: 300, Time: 00:00:26

Health: 16/19      AC:  2    Str:  7    XL:     2   Next: 0%
Magic:  3/5        EV: 12    Int: 18    God:
Gold:   0          SH:  0    Dex: 11    Spells: 4/5 levels left

rFire   . . .        f - +0 whip
rCold   . . .        (no shield)
rNeg    . . .        a - +0 robe
rPois   .            (no helmet)
rElec   .            (no cloak)
rCorr   .            (no gloves)
SInv    .            (no boots)
Will    .....        (no amulet)
Stlth   ++           (no ring)
HPRegen 0.23/turn    (no ring)
MPRegen 0.09/turn

%: no passive effects
@: no status effects
A: hooves 1
a: no special abilities


You escaped.
You visited 1 branch of the dungeon, and saw 1 of its levels.

Inventory:

Hand Weapons
 f - a +0 whip (weapon)
Armour
 a - a +0 robe (worn)
Scrolls
 d - a scroll of summoning {unknown}
 e - a scroll of torment {unknown}
 g - a scroll of fear {unknown}
 h - 3 scrolls of immolation
Potions
 b - 2 potions of magic
 c - a potion of curing {unknown}


   Skills:
 + Level 2.0 Dodging
 + Level 2.0 Stealth
 + Level 2.1 Spellcasting
 + Level 4.1 Conjurations


You had 4 spell levels left.
You knew the following spells:

 Your Spells              Type           Power      Damage    Failure   Level
a - Magic Dart            Conj           64%        1d6       3%          1

Your spell library contained the following spells:

 Spells                   Type           Power      Damage    Failure   Level
 Searing Ray              Conj           32%        2d5       4%          2
 Fulminant Prism          Conj/Alch      4%         3d5       58%         4
 Iskenderun's Mystic Bla  Conj/Tloc      9%         2d4       58%         4


Dungeon Overview and Level Annotations

Branches:
Dungeon (1/15)

Altars:


Innate Abilities, Weirdness & Mutations

You have large cloven feet.


Message History

The kobold is moderately wounded.
The kobold shouts!
The magic dart hits the kobold but does no damage.
The kobold is moderately wounded.
The kobold throws a stone.
The stone barely misses you.
The magic dart hits the kobold.
You kill the kobold!
A giant cockroach and a bat come into view.
There are monsters nearby!
The magic dart hits the bat.
The bat is severely wounded.
The magic dart hits the bat.
You kill the bat!
The magic dart hits the giant cockroach.
The giant cockroach is moderately wounded.
You are out of magic!
You are out of magic!
Things that are here:
a +0 whip; 2 stones
f - a +0 whip (weapon)
You are out of magic!
You are out of magic!
The giant cockroach misses you.
You closely miss the giant cockroach.
The giant cockroach is moderately wounded.
The giant cockroach barely misses you.
You closely miss the giant cockroach.
The giant cockroach is moderately wounded.
The giant cockroach misses you.
You barely miss the giant cockroach.
The giant cockroach is lightly wounded.
The giant cockroach closely misses you.
You barely miss the giant cockroach.
The giant cockroach is lightly wounded.
The giant cockroach bites you. The giant cockroach closely misses you.
You hit the giant cockroach.
The giant cockroach is almost dead.
The giant cockroach bites you but does no damage.
You hit the giant cockroach.
You kill the giant cockroach!
g - a scroll labelled ILOEFU JIRICO
h - 3 scrolls of immolation
There is a faded altar of an unknown god here.
A rat comes into view.
The rat squeaks loudly.
A ball python comes into view.
There are monsters nearby!
The magic dart hits the rat.
The rat is severely wounded.
The magic dart hits the rat.
You kill the rat!
The magic dart hits the ball python.
You kill the ball python!
A quokka comes into view.
A quokka is nearby!
A quokka is nearby!
A quokka is nearby!
You are out of magic!
You are out of magic!
You are out of magic!
A quokka comes into view.
You start resting.
Magic restored.
A quokka is nearby!
The magic dart hits the quokka.
The quokka is almost dead.
The magic dart hits the quokka.
You kill the quokka!
Your Dodging skill increases to level 2!
Your Stealth skill increases to level 2!
You can't see any susceptible monsters within range! (Use Z to cast anyway.)
You can't see any susceptible monsters within range! (Use Z to cast anyway.)
A quokka is nearby!
A quokka is nearby!
The magic dart hits the quokka but does no damage.
You are out of magic!
You are out of magic!
You are out of magic!
The quokka twitches its whiskers.
You see here a +0 ring mail.
A quokka is nearby!
The magic dart hits the quokka.
The quokka is severely wounded.
You are out of magic!
You see here 2 stones.
You barely miss the quokka.
The quokka is severely wounded.
The quokka bites you. x2
You hit the quokka.
The quokka is almost dead.
The quokka barely misses you.
You hit the quokka.
You kill the quokka!
You have reached level 2!
Your demonic ancestry asserts itself...
Your feet thicken and deform.
There is a stone staircase leading down here.
There is a large open door here.
There is a staircase leading out of the dungeon here.
You have escaped!

#....###.#.## ##.#.#
#....##########
#.#.####............##
#....................##
#..#####.##########...#
#..# #.#.......##...#
#### #.#.####8#.#...#
#.##....##.#...#
#.###.@.##.#...#
#...#...##.#..##
###.##.##.##.##
#.###''##### #......#
########


There were no monsters in sight!

Vanquished Creatures
  A giant cockroach (D:1)
  A kobold (D:1)
  2 quokkas (D:1)
  A ball python (D:1)
  A bat (D:1)
  A frilled lizard (D:1)
  A rat (D:1)
8 creatures vanquished.

Notes
Turn   | Place    | Note
-------+----------+-------------------------------------------
     0 | D:1      | browni3141 the Demonspawn Conjurer began the quest for the
                  | Orb.
     0 | D:1      | Reached XP level 1. HP: 13/13 MP: 3/3
   111 | D:1      | Found a faded altar of an unknown god.
   267 | D:1      | Gained mutation: You have large cloven feet. [demonic
                  | ancestry]
   267 | D:1      | Reached XP level 2. HP: 8/19 MP: 0/5
   300 | D:$      | Got out of the dungeon alive.

Illustrated notes

Levels and vault maps discovered:
D:1:      saegor_arrival_simple_e, layout_rooms,
          hellmonk_ecumenical_altar_blasted

Skill      XL: |  1 |
---------------+----+-----
Dodging        | 2 |  2.0
Stealth        | 2 |  2.0
Spellcasting   | |  2.1
Conjurations   | |  4.1

Action                     || total
---------------------------++-------
  Melee: Whip              ||     9
   Cast: Magic Dart        ||    14
 Armour: Robe              ||     4
  Dodge: Dodged            ||     7
